 Dungeon Crawl Stone Soup version 0.29.0-4-gdea44cf6ec (webtiles) character file.

Game seed: 4350858982985954176

38022 qw the Severer (level 13, -15/118 HPs)
             Began as a Minotaur Berserker on Sept 9, 2022.
             Was a High Priest of Trog.
             Killed from afar by a fire dragon (79 damage)
             ... with a blast of flame
             ... on level 5 of the Lair of Beasts.
             The game lasted 00:06:20 (19130 turns).

qw the Severer (Minotaur Berserker)                Turns: 19130, Time: 00:06:20

Health: -15/118    AC: 28    Str: 24    XL:     13   Next: 61%
Magic:  12/12      EV:  7    Int:  8    God:    Trog [*****.]
Gold:   1319       SH: 11    Dex:  9    Spells: 12/12 levels left

rFire   x x .      SeeInvis .   Y - +2 broad axe (flame)
rCold   x x .      Faith    .   d - +0 kite shield
rNeg    . . .      Spirit   .   j - +0 plate armour
rPois   +          Reflect  .   (helmet restricted)
rElec   .          Harm     .   m - +0 cloak
rCorr   .          Rampage  .   e - +1 pair of gloves
Will    .....                   f - +0 pair of boots
Stlth   ..........              a - amulet of Elemental Vulnerability {rPois rF-- rC-- AC+8}
HPRegen 0.29/turn               (no ring)
MPRegen 0.13/turn               (no ring)

@: frozen, on berserk cooldown, slowed, very slow
A: horns 2, retaliatory headbutt, talons 1, clever 1, weak 1
a: Renounce Religion, Berserk, Trog's Hand, Brothers in Arms


You were on level 5 of the Lair of Beasts.
You worshipped Trog.
Trog was extremely pleased with you.
You visited 2 branches of the dungeon, and saw 15 of its levels.

You collected 1319 gold pieces.


Innate Abilities, Weirdness & Mutations

You have a pair of horns on your head.
You reflexively headbutt those who attack you in melee.
You have sharp toenails.
Your mind is acute. (Int +4, Str/Dex -1)
You are weak. (Str -2)


   Skills:
 - Level 12.0 Fighting
 - Level 18.0 Axes
 - Level 6.2 Throwing
 + Level 11.3 Armour
 - Level 4.2 Dodging
 - Level 12.8 Shields


You had 12 spell levels left.
You didn't know any spells.
Your spell library was empty.

Inventory:

Hand Weapons
 Y - a +2 broad axe of flaming (weapon)
Armour
 d - a +0 kite shield (worn)
 e - a +1 pair of gloves (worn)
 f - a +0 pair of boots (worn)
 j - a +0 plate armour (worn)
 m - a +0 cloak (worn)
Jewellery
 a - the amulet of Elemental Vulnerability (around neck) {rPois rF-- rC-- AC+8}
   (You found it on level 5 of the Dungeon)

   [amulet of nothing]

   AC:        It affects your AC (+8).
   rF:        It makes you very vulnerable to fire.
   rC:        It makes you very vulnerable to cold.
   rPois:     It protects you from poison.
 i - an amulet of reflection
 p - a ring of poison resistance
Scrolls
 b - 6 scrolls of teleportation
 k - a scroll of identify
Potions
 c - 8 potions of curing
 g - a potion of resistance
 h - a potion of cancellation
 l - 2 potions of haste
 n - 2 potions of might
 q - 4 potions of mutation
 r - a potion of heal wounds

Dungeon Overview and Level Annotations

Branches:
Dungeon (10/15)            Temple (0/1) D:4            Lair (5/5) D:10
 Shoals (0/4) Lair:3        Snake (0/4) Lair:3        Slime (0/5) Lair:4
    Orc: D:9-12

Altars:
Makhleb
Sif Muna
Vehumet
The Shining One
Jiyva

Annotations:
D:5 3 runed translucent doors, qw's ghost, novice MiBe
D:7 1 runed translucent door, Crazy Yiuf
D:8 1 runed translucent door, qw's ghost, novice MiFi
D:10 1 runed translucent door, qw's ghost, novice DsCA
Lair:4 1 runed translucent door
Lair:5 1 runed translucent door


Message History

You kill the steam dragon!
Trog accepts your kill.
You barely miss the rime drake.
You are engulfed in a cloud of scalding steam.
You are no longer berserk.
You are exhausted.
You feel yourself slow down.
The rime drake is engulfed in a cloud of scalding steam.
You block the rime drake's attack.
19127 ||| INVOKING Brothers in Arms.
Your ogre goes berserk!
You are engulfed in a cloud of scalding steam.
The rime drake is engulfed in a cloud of scalding steam.
The rime drake barely misses you.
You barely miss the rime drake.
You headbutt the rime drake, but do no damage.
The rime drake is moderately wounded.
The rime drake bites you but does no damage.
The rime drake bites you.
You hit the rime drake. You burn the rime drake.
Your headbutt misses the rime drake.
The rime drake is moderately wounded.
You slash the rime drake! You burn the rime drake.
The rime drake bites you but does no damage.
You block the rime drake's attack.
Your ogre hits the rime drake with a +0 giant club!!
The rime drake breathes ice at you. The flash freeze hits you!
You feel a painful chill!
You are encased in ice.
You slice the rime drake!! You burn the rime drake.
You kill the rime drake!
Trog accepts your kill.
You hit the rime drake. You burn the rime drake.
Your ogre hits the rime drake with a +0 giant club!!!
The rime drake dies!
Trog accepts your kill. The fire dragon breathes flames at you.
The blast of flame hits you!!!! The fire burns you terribly!
Ouch! That really hurt!
You die...

.##....# #P... ....
...........##.... ....
....[.#.....##... .....
#.P...#.....##... ..8..#
#..[##.....#....
~.....####..##.....##.##
¤...D...P$..#......##..#
~~....%O..........#..#..
#~....[@................
##.....[................
#......................
#......###...#.#...##..#
¤.....# ######.....#...
.....# ##..P.PP.# #....
......... .....
##........ #........


You could see a fire dragon (catching breath) and a friendly ogre (summoned,
berserk).

Vanquished Creatures
  A hydra (Lair:1)
  2 alligators (Lair:4)
  Pikel (D:8)
  A lindwurm (Lair:5)
  10 elephants
  A guardian serpent (Lair:3)
  A merfolk siren (Lair:3)
  11 cane toads
  4 torpor snails
  11 rime drakes
  A kobold demonologist (D:10)
  8 komodo dragons
  A polar bear (Lair:1)
  3 hornets
  Prince Ribbit (D:7)
  11 blink frogs
  A tyrant leech (Lair:5)
  A dream sheep (Lair:2)
  A vampire (D:10)
  40 yaks
  5 wyverns
  Grum (D:8)
  Eustachio (D:6)
  6 basilisks
  2 vampire mosquitoes (D:10)
  Menkaure (D:6)
  11 steam dragons
  An acid dragon (D:10)
  5 water moccasins
  5 black bears
  5 orc warriors
  A sky beast (D:8)
  2 ice beasts
  4 ogres
  18 wolves
  3 centaurs (D:10)
  3 lemures (D:8)
  A phantom (D:4)
  8 kobold brigands
  11 bullfrogs
  3 gnoll sergeants
  2 scorpions
  4 killer bees (D:6)
  2 electric eels (Lair:4)
  A howler monkey (D:5)
  2 hounds
  6 orc priests
  2 jellies (D:7)
  5 gnoll boudas
  4 iguanas
  7 orc wizards
  12 hell rats
  39 gnolls
  10 adders
  7 river rats (Lair:2)
  A shadow imp (D:5)
  2 white imps
  2 ufetubi (D:5)
  2 worms
  A dart slug (D:1)
  25 orcs
  8 endoplasms
  3 giant cockroaches
  6 goblins
  4 hobgoblins
  3 jackals (D:1)
  3 quokkas
  6 ball pythons
  9 bats
  13 frilled lizards
  3 goblin skeletons (D:3)
  2 goblin zombies (D:3)
  A hobgoblin zombie (D:3)
  37 kobolds
  A kobold skeleton (D:3)
  An orc skeleton (D:3)
  12 rats
456 creatures vanquished.

Vanquished Creatures (collateral kills)
  A death yak (Lair:4)
  A black mamba (Lair:4)
  A rime drake (Lair:5)
  5 blink frogs (Lair:4)
  A water moccasin (Lair:4)
  2 wolves (Lair:4)
11 creatures vanquished.

Vanquished Creatures (others)
  32 fungi
  128 plants
  2 withered plants (D:10)
162 creatures vanquished.

Grand Total: 629 creatures vanquished

Notes
Turn   | Place    | Note
-------+----------+-------------------------------------------
     0 | D:1      | qw the Minotaur Berserker began the quest for the Orb.
     0 | D:1      | Reached XP level 1. HP: 19/19 MP: 0/0
     0 | D:1      | 0 ||| qw: Version: 0.1-a-113-g051387a
     0 | D:1      | 0 ||| qw: Game counter: 7154
     0 | D:1      | 0 ||| qw: Always use a shield: true
     0 | D:1      | 0 ||| qw: Do Orc after D:15 true
     0 | D:1      | 0 ||| qw: Do second Lair branch before Depths: true
     0 | D:1      | 0 ||| qw: Lair rune preference: random
     0 | D:1      | 0 ||| qw: Plans: Normal
     0 | D:1      | 0 ||| PLANNING D:1-11
    89 | D:1      | Reached skill level 4 in Axes
   103 | D:1      | Found a faded altar of an unknown god.
   106 | D:1      | 106 ||| Stepping ~*~*~tactically~*~*~ (hiding).
   114 | D:1      | 114 ||| INVOKING Berserk.
   116 | D:1      | Reached XP level 2. HP: 18/26 MP: 1/1
   477 | D:1      | 477 ||| Stepping ~*~*~tactically~*~*~ (stealth).
   478 | D:1      | 478 ||| Stepping ~*~*~tactically~*~*~ (stealth).
   503 | D:1      | 503 ||| Stepping ~*~*~tactically~*~*~ (stealth).
   504 | D:1      | 504 ||| Stepping ~*~*~tactically~*~*~ (stealth).
   534 | D:1      | 534 ||| Stepping ~*~*~tactically~*~*~ (stealth).
   538 | D:1      | 538 ||| Stepping ~*~*~tactically~*~*~ (stealth).
   539 | D:1      | 539 ||| Stepping ~*~*~tactically~*~*~ (stealth).
   541 | D:1      | 541 ||| Stepping ~*~*~tactically~*~*~ (stealth).
   648 | D:1      | Reached skill level 5 in Axes
   726 | D:1      | 726 ||| Stepping ~*~*~tactically~*~*~ (stealth).
   728 | D:1      | 728 ||| Stepping ~*~*~tactically~*~*~ (stealth).
   765 | D:1      | Reached XP level 3. HP: 31/31 MP: 2/2
   879 | D:1      | Reached ** piety under Trog
  1280 | D:1      | 1280 ||| UPGRADING to +1 pair of gloves.
  1285 | D:1      | 1285 ||| UPGRADING to +0 leather armour.
  1295 | D:1      | 1295 ||| DROPPING +0 animal skin.
  1296 | D:1      | 1296 ||| UPGRADING to +0 cloak.
  1301 | D:1      | 1301 ||| UPGRADING to +0 chain mail.
  1311 | D:1      | 1311 ||| DROPPING +0 leather armour.
  1312 | D:1      | 1312 ||| DROPPING amulet of magic regeneration.
  1313 | D:1      | 1313 ||| READING scroll labelled YXUOD PESCHYNUREDU.
  1314 | D:1      | 1314 ||| READING scroll labelled PILAEGA ETROQ.
  1317 | D:1      | 1317 ||| READING scroll labelled DUCAMO FAGRUWOXAU.
  1318 | D:1      | 1318 ||| DRINKING 2 murky pink potions.
  1356 | D:1      | 1356 ||| DROPPING potion of lignification.
  1424 | D:2      | 1424 ||| INVOKING Berserk.
  1431 | D:2      | Reached skill level 6 in Axes
  1431 | D:2      | Reached XP level 4. HP: 39/39 MP: 3/3
  1502 | D:2      | 1502 ||| DROPPING +0 whip.
  1553 | D:2      | 1553 ||| INVOKING Berserk.
  1727 | D:2      | Found a radiant altar of Vehumet.
  1738 | D:2      | Reached XP level 5. HP: 45/45 MP: 4/4
  1797 | D:2      | Reached skill level 7 in Axes
  2025 | D:2      | 2025 ||| INVOKING Berserk.
  2156 | D:2      | 2156 ||| UPGRADING to amulet of guardian spirit.
  2161 | D:2      | 2161 ||| READING scroll labelled NIMPIA COID.
  2162 | D:2      | 2162 ||| READING scroll labelled ICKIASORAX.
  2295 | D:2      | 2295 ||| READING scroll labelled JYCIVE AWNEW.
  2296 | D:2      | 2296 ||| READING scroll labelled KAPERH PYMEDUD.
  2297 | D:2      | 2297 ||| DRINKING 3 emerald potions.
  2298 | D:2      | 2298 ||| DRINKING 2 fizzy yellow potions.
  2299 | D:2      | 2299 ||| READING 3 scrolls of identify.
  2299 | D:2      | 2299 ||| IDENTIFYING blue potion
  2300 | D:2      | 2300 ||| READING 2 scrolls of identify.
  2300 | D:2      | 2300 ||| IDENTIFYING white potion
  2301 | D:2      | 2301 ||| DROPPING potion of flight.
  2302 | D:2      | 2302 ||| DROPPING potion of brilliance.
  2389 | D:3      | Found a glowing golden altar of the Shining One.
  2390 | D:3      | 2390 ||| Stepping ~*~*~tactically~*~*~ (hiding).
  2400 | D:3      | 2400 ||| FLEEEEING.
  2401 | D:3      | 2401 ||| FLEEEEING.
  2402 | D:3      | 2402 ||| FLEEEEING.
  2403 | D:3      | 2403 ||| FLEEEEING.
  2404 | D:3      | 2404 ||| FLEEEEING.
  2405 | D:3      | 2405 ||| FLEEEEING.
  2407 | D:3      | 2407 ||| FLEEEEING.
  2408 | D:3      | 2408 ||| FLEEEEING.
  2409 | D:3      | 2409 ||| FLEEEEING.
  2410 | D:3      | 2410 ||| FLEEEEING.
  2411 | D:3      | 2411 ||| FLEEEEING.
  2412 | D:3      | 2412 ||| FLEEEEING.
  2413 | D:3      | 2413 ||| FLEEEEING.
  2414 | D:3      | 2414 ||| FLEEEEING.
  2415 | D:3      | 2415 ||| FLEEEEING.
  2416 | D:3      | 2416 ||| FLEEEEING.
  2417 | D:3      | 2417 ||| STAIRDANCE
  2520 | D:3      | Reached *** piety under Trog
  2815 | D:3      | 2815 ||| Stepping ~*~*~tactically~*~*~ (stealth).
  2819 | D:3      | 2819 ||| Stepping ~*~*~tactically~*~*~ (stealth).
  2960 | D:3      | 2960 ||| UPGRADING to +0 pair of boots.
  2965 | D:3      | 2965 ||| DROPPING orb of mayhem.
  2966 | D:3      | 2966 ||| READING scroll labelled XIBEDW DU ULU.
  2966 | D:3      | Identified a scroll of acquirement
  2966 | D:3      | 2966 ||| ACQUIRING +0 broad axe of flaming
  2966 | D:3      | Acquired a +0 broad axe of flaming
  2968 | D:3      | 2968 ||| SWAPPING to +0 broad axe of flaming.
  2969 | D:3      | 2969 ||| DROPPING +0 flail.
  2970 | D:3      | 2970 ||| DROPPING +1 hand axe.
  2971 | D:3      | 2971 ||| DRINKING 2 red potions.
  2971 | D:3      | Gained mutation: You occasionally lose the ability to read
                  | scrolls when taking damage. [potion of mutation]
  2971 | D:3      | Gained mutation: You expend magic power (3 MP) to
                  | strengthen your wands. [potion of mutation]
  2972 | D:3      | 2972 ||| DRINKING potion of mutation.
  2972 | D:3      | Lost mutation: You expend magic power (3 MP) to strengthen
                  | your wands. [potion of mutation]
  2972 | D:3      | Lost mutation: You occasionally lose the ability to read
                  | scrolls when taking damage. [potion of mutation]
  2972 | D:3      | Gained mutation: You are weak. (Str -2) [potion of
                  | mutation]
  2972 | D:3      | Gained mutation: You have hidden genetic potential. [potion
                  | of mutation]
  3006 | D:4      | Found a burning altar of Makhleb.
  3062 | D:4      | 3062 ||| Stepping ~*~*~tactically~*~*~ (stealth).
  3066 | D:4      | Reached skill level 3 in Armour
  3066 | D:4      | Reached XP level 6. HP: 52/52 MP: 5/5
  3144 | D:4      | 3144 ||| READING scroll of enchant weapon.
  3144 | D:4      | 3144 ||| ENCHANTING +0 broad axe of flaming.
  3294 | D:4      | Reached skill level 8 in Axes
  3423 | D:4      | Gained mutation: Your mind is acute. (Int +4, Str/Dex -1)
                  | [hidden potential]
  3541 | D:4      | Found a staircase to the Ecumenical Temple.
  3545 | D:4      | 3545 ||| INVOKING Berserk.
  3793 | D:4      | Found a shimmering blue altar of Sif Muna.
  4064 | D:4      | 4064 ||| UPGRADING to amulet of reflection.
  4074 | D:4      | 4074 ||| DROPPING amulet of guardian spirit.
  4075 | D:4      | 4075 ||| READING scroll labelled VAENIU NAOHI.
  4076 | D:4      | 4076 ||| READING 2 scrolls of identify.
  4076 | D:4      | 4076 ||| IDENTIFYING silvery potion
  4077 | D:4      | 4077 ||| DROPPING potion of invisibility.
  4116 | D:5      | Entered Level 5 of the Dungeon
  4133 | D:5      | Found the amulet of Elemental Vulnerability {rPois rF--
                  | rC-- AC+8}
  4143 | D:5      | 4143 ||| INVOKING Berserk.
  4146 | D:5      | Reached skill level 9 in Axes
  4146 | D:5      | Reached XP level 7. HP: 59/59 MP: 6/6
  4161 | D:5      | Found a runed translucent gate.
  4161 | D:5      | Found a runed translucent gate.
  4161 | D:5      | Found a runed translucent gate.
  4167 | D:5      | HP: 14/60 [gnoll sergeant/+0 trident (2)]
  4168 | D:5      | 4168 ||| READING scroll of teleportation.
  4230 | D:5      | 4230 ||| INVOKING Berserk.
  4236 | D:5      | Gained mutation: You have sharp toenails. [hidden
                  | potential]
  4236 | D:5      | Lost mutation: You have hidden genetic potential. [hidden
                  | potential expressed]
  4499 | D:5      | Noticed qw's ghost (novice MiBe)
  4556 | D:5      | 4556 ||| INVOKING Berserk.
  4757 | D:5      | 4757 ||| Stepping ~*~*~tactically~*~*~ (hiding).
  4764 | D:5      | Reached **** piety under Trog
  4925 | D:5      | Reached skill level 10 in Axes
  5025 | D:5      | Reached skill level 6 in Fighting
  5025 | D:5      | Reached XP level 8. HP: 55/70 MP: 7/7
  5123 | D:5      | 5123 ||| UPGRADING to +0 kite shield.
  5128 | D:5      | 5128 ||| UPGRADING to amulet of Elemental Vulnerability
                  | {rPois rF-- rC-- AC+8}.
  5138 | D:5      | 5138 ||| READING scroll labelled ZAEGEU FOCW.
  5139 | D:5      | 5139 ||| READING scroll labelled LIUBIR KUIFIS.
  5140 | D:5      | 5140 ||| DRINKING 2 sedimented orange potions.
  5141 | D:5      | 5141 ||| DROPPING potion of attraction.
  5171 | D:6      | Noticed Eustachio
  5174 | D:6      | 5174 ||| Stepping ~*~*~tactically~*~*~ (hiding).
  5175 | D:6      | 5175 ||| Stepping ~*~*~tactically~*~*~ (hiding).
  5177 | D:6      | 5177 ||| Stepping ~*~*~tactically~*~*~ (hiding).
  5178 | D:6      | 5178 ||| INVOKING Berserk.
  5183 | D:6      | Reached skill level 1 in Shields
  5191 | D:6      | Killed Eustachio
  5192 | D:6      | Reached skill level 3 in Shields
  5317 | D:6      | 5317 ||| Stepping ~*~*~tactically~*~*~ (stealth).
  5344 | D:6      | Noticed Menkaure
  5345 | D:6      | 5345 ||| INVOKING Berserk.
  5346 | D:6      | Killed Menkaure
  5507 | D:6      | 5507 ||| Stepping ~*~*~tactically~*~*~ (stealth).
  5510 | D:6      | 5510 ||| Stepping ~*~*~tactically~*~*~ (stealth).
  5517 | D:6      | Reached skill level 6 in Shields
  5653 | D:6      | 5653 ||| Stepping ~*~*~tactically~*~*~ (stealth).
  5654 | D:6      | 5654 ||| Stepping ~*~*~tactically~*~*~ (stealth).
  5758 | D:6      | 5758 ||| INVOKING Berserk.
  5955 | D:6      | 5955 ||| READING scroll labelled GIES FAYMEC.
  5956 | D:6      | 5956 ||| READING 3 scrolls of identify.
  5956 | D:6      | 5956 ||| IDENTIFYING smoky inky potion
  5957 | D:6      | 5957 ||| READING 2 scrolls of identify.
  5957 | D:6      | 5957 ||| IDENTIFYING bubbling clear potion
  5958 | D:6      | 5958 ||| DROPPING potion of magic.
  6009 | D:7      | 6009 ||| Stepping ~*~*~tactically~*~*~ (stealth).
  6012 | D:7      | 6012 ||| Stepping ~*~*~tactically~*~*~ (stealth).
  6020 | D:7      | 6020 ||| Stepping ~*~*~tactically~*~*~ (stealth).
  6021 | D:7      | 6021 ||| Stepping ~*~*~tactically~*~*~ (stealth).
  6073 | D:7      | 6073 ||| INVOKING Berserk.
  6315 | D:7      | 6315 ||| INVOKING Berserk.
  6456 | D:7      | 6456 ||| Stepping ~*~*~tactically~*~*~ (stealth).
  6457 | D:7      | 6457 ||| Stepping ~*~*~tactically~*~*~ (stealth).
  6458 | D:7      | 6458 ||| Stepping ~*~*~tactically~*~*~ (stealth).
  6459 | D:7      | 6459 ||| Stepping ~*~*~tactically~*~*~ (stealth).
  6460 | D:7      | 6460 ||| Stepping ~*~*~tactically~*~*~ (hiding).
  6461 | D:7      | 6461 ||| FLEEEEING.
  6462 | D:7      | 6462 ||| FLEEEEING.
  6463 | D:7      | 6463 ||| FLEEEEING.
  6464 | D:7      | 6464 ||| FLEEEEING.
  6465 | D:7      | 6465 ||| FLEEEEING.
  6466 | D:7      | 6466 ||| FLEEEEING.
  6467 | D:7      | 6467 ||| FLEEEEING.
  6468 | D:7      | 6468 ||| FLEEEEING.
  6469 | D:7      | 6469 ||| FLEEEEING.
  6470 | D:7      | 6470 ||| FLEEEEING.
  6471 | D:7      | 6471 ||| FLEEEEING.
  6477 | D:7      | 6477 ||| FLEEEEING.
  6489 | D:7      | 6489 ||| FLEEEEING.
  6490 | D:7      | 6490 ||| FLEEEEING.
  6491 | D:7      | 6491 ||| FLEEEEING.
  6492 | D:7      | 6492 ||| DRINKING 6 potions of curing.
  6492 | D:7      | 6492 ||| (to cure confusion)
  6493 | D:7      | 6493 ||| FLEEEEING.
  6494 | D:7      | 6494 ||| FLEEEEING.
  6495 | D:7      | 6495 ||| FLEEEEING.
  6496 | D:7      | 6496 ||| FLEEEEING.
  6497 | D:7      | 6497 ||| Stepping ~*~*~tactically~*~*~ (hiding).
  6501 | D:7      | 6501 ||| INVOKING Berserk.
  6504 | D:7      | Reached skill level 11 in Axes
  6504 | D:7      | Reached XP level 9. HP: 63/75 MP: 8/8
  6605 | D:7      | 6605 ||| Invisible monster not found???
  6672 | D:7      | 6672 ||| Stepping ~*~*~tactically~*~*~ (hiding).
  6673 | D:7      | 6673 ||| Stepping ~*~*~tactically~*~*~ (hiding).
  6674 | D:7      | 6674 ||| Stepping ~*~*~tactically~*~*~ (hiding).
  6705 | D:7      | 6705 ||| Stepping ~*~*~tactically~*~*~ (stealth).
  6706 | D:7      | 6706 ||| Stepping ~*~*~tactically~*~*~ (stealth).
  6708 | D:7      | 6708 ||| INVOKING Berserk.
  6886 | D:7      | Found a runed translucent door.
  6887 | D:7      | Noticed Crazy Yiuf
  6980 | D:7      | 6980 ||| INVOKING Berserk.
  7182 | D:7      | Noticed Prince Ribbit
  7185 | D:7      | 7185 ||| INVOKING Berserk.
  7198 | D:7      | Killed Prince Ribbit
  7250 | D:7      | 7250 ||| INVOKING Berserk.
  7598 | D:7      | 7598 ||| UPGRADING to +0 plate armour.
  7608 | D:7      | 7608 ||| DROPPING +0 chain mail.
  7635 | D:8      | Noticed Grum
  7639 | D:8      | 7639 ||| INVOKING Berserk.
  7642 | D:8      | Killed Grum
  7643 | D:8      | Reached skill level 6 in Armour
  7667 | D:8      | 7667 ||| FLEEEEING.
  7671 | D:8      | 7671 ||| STAIRDANCE
  7834 | D:8      | Reached skill level 12 in Axes
  8192 | D:8      | Noticed Pikel
  8193 | D:8      | 8193 ||| INVOKING Berserk.
  8200 | D:8      | Killed Pikel
  8201 | D:8      | Reached XP level 10. HP: 88/88 MP: 9/9
  8355 | D:8      | 8355 ||| INVOKING Berserk.
  8478 | D:8      | 8478 ||| INVOKING Berserk.
  8484 | D:8      | Reached skill level 9 in Shields
  8640 | D:8      | 8640 ||| Stepping ~*~*~tactically~*~*~ (stealth).
  8647 | D:8      | 8647 ||| Stepping ~*~*~tactically~*~*~ (stealth).
  9128 | D:8      | Found a runed translucent door.
  9132 | D:8      | Identified the +8 spear of the Feather {flame, rC+}
  9134 | D:8      | Noticed qw's ghost (novice MiFi)
  9258 | D:8      | 9258 ||| READING scroll labelled NOGRIRGHI IFREI.
  9436 | D:9      | 9436 ||| Stepping ~*~*~tactically~*~*~ (stealth).
  9551 | D:9      | Identified the +3 morningstar of Jetup {flame, rElec rN+
                  | Will- Dex+2}
  9619 | D:9      | 9619 ||| Stepping ~*~*~tactically~*~*~ (stealth).
  9622 | D:9      | 9622 ||| Stepping ~*~*~tactically~*~*~ (stealth).
  9624 | D:9      | 9624 ||| Stepping ~*~*~tactically~*~*~ (stealth).
  9628 | D:9      | 9628 ||| Stepping ~*~*~tactically~*~*~ (stealth).
  9631 | D:9      | 9631 ||| Stepping ~*~*~tactically~*~*~ (stealth).
  9632 | D:9      | 9632 ||| Stepping ~*~*~tactically~*~*~ (stealth).
  9634 | D:9      | 9634 ||| Stepping ~*~*~tactically~*~*~ (hiding).
  9635 | D:9      | 9635 ||| Stepping ~*~*~tactically~*~*~ (hiding).
  9637 | D:9      | 9637 ||| Stepping ~*~*~tactically~*~*~ (hiding).
  9641 | D:9      | 9641 ||| INVOKING Berserk.
  9647 | D:9      | Reached skill level 13 in Axes
  9802 | D:9      | 9802 ||| INVOKING Berserk.
 10138 | D:9      | 10138 ||| Stepping ~*~*~tactically~*~*~ (cloud).
 10144 | D:9      | 10144 ||| Stepping ~*~*~tactically~*~*~ (cloud).
 10149 | D:9      | 10149 ||| INVOKING Berserk.
 10372 | D:9      | 10372 ||| READING 3 scrolls labelled COLLAE NEQIJU.
 10373 | D:9      | 10373 ||| DRINKING 3 puce potions.
 10374 | D:9      | 10374 ||| READING 2 scrolls of identify.
 10374 | D:9      | 10374 ||| IDENTIFYING dark potion
 10375 | D:9      | 10375 ||| DROPPING potion of berserk rage.
 10376 | D:9      | 10376 ||| DROPPING 2 scrolls of blinking.
 10387 | D:10     | Entered Level 10 of the Dungeon
 10389 | D:10     | 10389 ||| Stepping ~*~*~tactically~*~*~ (hiding).
 10393 | D:10     | 10393 ||| INVOKING Berserk.
 10398 | D:10     | Reached skill level 14 in Axes
 10548 | D:10     | Noticed a rust devil
 10560 | D:10     | 10560 ||| READING 4 scrolls of teleportation.
 10561 | D:10     | 10561 ||| INVOKING Berserk.
 10562 | D:10     | HP: 30/132 [yak (6)]
 10567 | D:10     | HP: 27/132 [poisoned by a kobold demonologist]
 10756 | D:10     | Noticed a rust devil
 10917 | D:10     | 10917 ||| FLEEEEING.
 10918 | D:10     | 10918 ||| FLEEEEING.
 10919 | D:10     | 10919 ||| FLEEEEING.
 10920 | D:10     | 10920 ||| FLEEEEING.
 10921 | D:10     | 10921 ||| FLEEEEING.
 10922 | D:10     | 10922 ||| FLEEEEING.
 10923 | D:10     | 10923 ||| FLEEEEING.
 10924 | D:10     | 10924 ||| FLEEEEING.
 10925 | D:10     | 10925 ||| FLEEEEING.
 10926 | D:10     | 10926 ||| FLEEEEING.
 10927 | D:10     | 10927 ||| FLEEEEING.
 10928 | D:10     | 10928 ||| FLEEEEING.
 10929 | D:10     | 10929 ||| STAIRDANCE
 11188 | D:10     | 11188 ||| Stepping ~*~*~tactically~*~*~ (hiding).
 11200 | D:10     | 11200 ||| INVOKING Berserk.
 11280 | D:10     | 11280 ||| Stepping ~*~*~tactically~*~*~ (stealth).
 11284 | D:10     | 11284 ||| Stepping ~*~*~tactically~*~*~ (hiding).
 11286 | D:10     | 11286 ||| INVOKING Berserk.
 11288 | D:10     | Reached XP level 11. HP: 94/94 MP: 10/10
 11300 | D:10     | Reached skill level 1 in Throwing
 11317 | D:10     | 11317 ||| Stepping ~*~*~tactically~*~*~ (stealth).
 11318 | D:10     | 11318 ||| Stepping ~*~*~tactically~*~*~ (stealth).
 11448 | D:10     | 11448 ||| INVOKING Berserk.
 11710 | D:10     | 11710 ||| Stepping ~*~*~tactically~*~*~ (hiding).
 11758 | D:10     | 11758 ||| Stepping ~*~*~tactically~*~*~ (stealth).
 11759 | D:10     | 11759 ||| Stepping ~*~*~tactically~*~*~ (stealth).
 11761 | D:10     | 11761 ||| Stepping ~*~*~tactically~*~*~ (hiding).
 11772 | D:10     | 11772 ||| INVOKING Berserk.
 11775 | D:10     | Reached skill level 3 in Throwing
 12110 | D:10     | Found a staircase to the Lair.
 12200 | D:10     | Found a runed translucent door.
 12201 | D:10     | Noticed qw's ghost (novice DsCA)
 12401 | D:10     | 12401 ||| INVOKING Berserk.
 12588 | D:10     | 12588 ||| PLANNING LAIR
 12588 | D:10     | 12588 ||| READING scroll labelled RIFROKE FIBIPH.
 12589 | D:10     | 12589 ||| READING scroll labelled JEXELO JEGAYT.
 12767 | D:10     | 12767 ||| READING 2 scrolls of identify.
 12767 | D:10     | 12767 ||| IDENTIFYING bubbling inky potion
 12846 | Lair:1   | Entered Level 1 of the Lair of Beasts
 12847 | Lair:1   | 12847 ||| INVOKING Berserk.
 12961 | Lair:1   | 12961 ||| Stepping ~*~*~tactically~*~*~ (stealth).
 12963 | Lair:1   | 12963 ||| Stepping ~*~*~tactically~*~*~ (stealth).
 12977 | Lair:1   | Reached skill level 15 in Axes
 12989 | Lair:1   | 12989 ||| INVOKING Berserk.
 13221 | Lair:1   | 13221 ||| INVOKING Berserk.
 13224 | Lair:1   | Reached skill level 9 in Fighting
 13236 | Lair:1   | Reached skill level 9 in Armour
 13551 | Lair:1   | 13551 ||| INVOKING Berserk.
 13715 | Lair:1   | Noticed a seven-headed hydra
 13716 | Lair:1   | 13716 ||| INVOKING Berserk.
 13719 | Lair:1   | Killed a four-headed hydra
 13720 | Lair:1   | Reached skill level 16 in Axes
 13980 | Lair:1   | 13980 ||| INVOKING Berserk.
 14467 | Lair:1   | 14467 ||| INVOKING Berserk.
 14704 | Lair:1   | 14704 ||| READING 3 scrolls of identify.
 14704 | Lair:1   | 14704 ||| IDENTIFYING sapphire potion
 14735 | Lair:2   | 14735 ||| INVOKING Berserk.
 14882 | Lair:2   | 14882 ||| Stepping ~*~*~tactically~*~*~ (stealth).
 14883 | Lair:2   | 14883 ||| Stepping ~*~*~tactically~*~*~ (stealth).
 14893 | Lair:2   | 14893 ||| Stepping ~*~*~tactically~*~*~ (stealth).
 14895 | Lair:2   | 14895 ||| Stepping ~*~*~tactically~*~*~ (stealth).
 14897 | Lair:2   | 14897 ||| Stepping ~*~*~tactically~*~*~ (stealth).
 14898 | Lair:2   | 14898 ||| Stepping ~*~*~tactically~*~*~ (stealth).
 14899 | Lair:2   | 14899 ||| Stepping ~*~*~tactically~*~*~ (stealth).
 14904 | Lair:2   | 14904 ||| Stepping ~*~*~tactically~*~*~ (stealth).
 14906 | Lair:2   | 14906 ||| Stepping ~*~*~tactically~*~*~ (stealth).
 14918 | Lair:2   | Reached XP level 12. HP: 91/104 MP: 11/11
 14918 | Lair:2   | 14918 ||| FLEEEEING.
 14919 | Lair:2   | 14919 ||| FLEEEEING.
 14920 | Lair:2   | 14920 ||| FLEEEEING.
 14921 | Lair:2   | 14921 ||| FLEEEEING.
 14922 | Lair:2   | 14922 ||| FLEEEEING.
 14924 | Lair:2   | 14924 ||| FLEEEEING.
 14925 | Lair:2   | 14925 ||| FLEEEEING.
 14926 | Lair:2   | 14926 ||| FLEEEEING.
 15122 | Lair:2   | Reached ***** piety under Trog
 15360 | Lair:2   | Reached skill level 17 in Axes
 15626 | Lair:2   | 15626 ||| DROPPING ring of flight.
 15627 | Lair:2   | 15627 ||| READING 2 scrolls of identify.
 15627 | Lair:2   | 15627 ||| IDENTIFYING golden potion
 15628 | Lair:2   | 15628 ||| DROPPING potion of degeneration.
 15661 | Lair:3   | You fall into a shaft and drop 1 floor!
 15661 | Lair:4   | Noticed an alligator
 15661 | Lair:4   | Noticed an alligator
 15662 | Lair:4   | 15662 ||| INVOKING Berserk.
 15665 | Lair:4   | Killed an alligator
 15673 | Lair:4   | Killed an alligator
 15810 | Lair:4   | 15810 ||| INVOKING Berserk.
 15812 | Lair:4   | Noticed a death yak
 15820 | Lair:4   | Reached skill level 3 in Dodging
 15832 | Lair:4   | 15832 ||| INVOKING Brothers in Arms.
 15838 | Lair:4   | Killed a death yak
 16257 | Lair:3   | 16257 ||| Stepping ~*~*~tactically~*~*~ (hiding).
 16443 | Lair:3   | Found a staircase to the Snake Pit.
 16617 | Lair:3   | 16617 ||| Stepping ~*~*~tactically~*~*~ (hiding).
 16618 | Lair:3   | 16618 ||| Stepping ~*~*~tactically~*~*~ (hiding).
 16622 | Lair:3   | Found a staircase to the Shoals.
 16860 | Lair:4   | 16860 ||| Stepping ~*~*~tactically~*~*~ (stealth).
 16869 | Lair:4   | Reached skill level 18 in Axes
 17019 | Lair:4   | 17019 ||| INVOKING Berserk.
 17033 | Lair:4   | 17033 ||| INVOKING Brothers in Arms.
 17060 | Lair:4   | Reached XP level 13. HP: 53/116 MP: 12/12
 17287 | Lair:4   | 17287 ||| INVOKING Berserk.
 17297 | Lair:4   | 17297 ||| INVOKING Brothers in Arms.
 17440 | Lair:4   | 17440 ||| Stepping ~*~*~tactically~*~*~ (stealth).
 17443 | Lair:4   | 17443 ||| INVOKING Berserk.
 17463 | Lair:4   | 17463 ||| INVOKING Brothers in Arms.
 17468 | Lair:4   | Reached skill level 12 in Shields
 17618 | Lair:4   | Found a runed translucent door.
 17618 | Lair:4   | Found a viscous altar of Jiyva.
 17618 | Lair:4   | Found a staircase to the Slime Pits.
 17623 | Lair:4   | 17623 ||| Stepping ~*~*~tactically~*~*~ (hiding).
 17674 | Lair:4   | 17674 ||| Stepping ~*~*~tactically~*~*~ (stealth).
 17734 | Lair:4   | 17734 ||| INVOKING Berserk.
 17748 | Lair:4   | 17748 ||| INVOKING Brothers in Arms.
 17749 | Lair:4   | 17749 ||| INVOKING Brothers in Arms.
 17883 | Lair:4   | 17883 ||| READING scroll of enchant weapon.
 17883 | Lair:4   | 17883 ||| ENCHANTING +1 broad axe of flaming.
 18090 | Lair:4   | 18090 ||| Stepping ~*~*~tactically~*~*~ (stealth).
 18095 | Lair:4   | 18095 ||| Stepping ~*~*~tactically~*~*~ (stealth).
 18158 | Lair:4   | 18158 ||| Stepping ~*~*~tactically~*~*~ (stealth).
 18160 | Lair:4   | 18160 ||| Stepping ~*~*~tactically~*~*~ (stealth).
 18161 | Lair:4   | 18161 ||| Stepping ~*~*~tactically~*~*~ (stealth).
 18429 | Lair:5   | Entered Level 5 of the Lair of Beasts
 18523 | Lair:5   | 18523 ||| Stepping ~*~*~tactically~*~*~ (stealth).
 18528 | Lair:5   | 18528 ||| Stepping ~*~*~tactically~*~*~ (stealth).
 18532 | Lair:5   | 18532 ||| Stepping ~*~*~tactically~*~*~ (stealth).
 18539 | Lair:5   | 18539 ||| Stepping ~*~*~tactically~*~*~ (stealth).
 18542 | Lair:5   | 18542 ||| Stepping ~*~*~tactically~*~*~ (stealth).
 18549 | Lair:5   | 18549 ||| Stepping ~*~*~tactically~*~*~ (stealth).
 18558 | Lair:5   | 18558 ||| Stepping ~*~*~tactically~*~*~ (stealth).
 18570 | Lair:5   | Reached skill level 12 in Fighting
 18642 | Lair:5   | 18642 ||| Stepping ~*~*~tactically~*~*~ (stealth).
 18648 | Lair:5   | 18648 ||| INVOKING Berserk.
 18772 | Lair:5   | Found a runed translucent door.
 18799 | Lair:5   | 18799 ||| Stepping ~*~*~tactically~*~*~ (stealth).
 18800 | Lair:5   | 18800 ||| Stepping ~*~*~tactically~*~*~ (stealth).
 18804 | Lair:5   | 18804 ||| INVOKING Berserk.
 18814 | Lair:5   | Reached skill level 6 in Throwing
 18819 | Lair:5   | 18819 ||| FLEEEEING.
 18820 | Lair:5   | 18820 ||| FLEEEEING.
 18821 | Lair:5   | 18821 ||| FLEEEEING.
 18822 | Lair:5   | 18822 ||| FLEEEEING.
 18823 | Lair:5   | 18823 ||| FLEEEEING.
 18824 | Lair:5   | 18824 ||| FLEEEEING.
 18825 | Lair:5   | 18825 ||| FLEEEEING.
 18826 | Lair:5   | 18826 ||| FLEEEEING.
 18827 | Lair:5   | 18827 ||| FLEEEEING.
 18828 | Lair:5   | 18828 ||| FLEEEEING.
 18829 | Lair:5   | 18829 ||| FLEEEEING.
 18830 | Lair:5   | 18830 ||| FLEEEEING.
 18831 | Lair:5   | 18831 ||| FLEEEEING.
 18832 | Lair:5   | 18832 ||| FLEEEEING.
 18833 | Lair:5   | 18833 ||| FLEEEEING.
 18994 | Lair:5   | 18994 ||| INVOKING Berserk.
 19107 | Lair:5   | 19107 ||| INVOKING Berserk.
 19125 | Lair:5   | Noticed a fire dragon
 19127 | Lair:5   | 19127 ||| INVOKING Brothers in Arms.
 19130 | Lair:5   | Killed from afar by a fire dragon

Levels and vault maps discovered:
D:1:      dpeg_arrival_arbitrary_a, layout_loops_corners,
          hellmonk_ecumenical_altar_lost_god
D:2:      minmay_diamond_boxcup, layout_rooms, basic_altar
D:3:      layout_rooms, nicolae_tso_besieged_by_evil, kennysheep_generic_room_3
D:4:      layout_cave_pods, kennysheep_orc_sif_temple, bloody_makhleb,
          minmay_temple_entry_proselytizer, st_stairs_9, minmay_lizard_king
D:5:      layout_rooms, gammafunk_ghost_necromancy, minivault_25,
          kennysheep_generic_room_5
D:6:      layout_basic, uniq_eustachio, uniq_menkaure
D:7:      layout_basic, uniq_crazy_yiuf_cottage, uniq_prince_ribbit1
D:8:      layout_basic, ebering_ghost_funeral_grove, uniq_pikel, uniq_grum
D:9:      layout_basic
D:10:     kennysheep_seaside_town, layout_cave_pools, erik_lair_dragon,
          gammafunk_ghost_grave
Lair:1:   layout_roguey, grunt_megastairs_3
Lair:2:   layout_cave_shapes, kennysheep_abandoned_house,
          infiniplex_staircase_pool
Lair:3:   layout_misc_corridors, minmay_shoals_entry_lonely_mermaid,
          minmay_snake_entry_spellcaster
Lair:4:   layout_regular_city, slime_entry_2, serial_bayou, serial_bayou_lake_a,
          serial_bayou_pond_b, serial_bayou_pond_a, serial_bayou_pond_c,
          nicolae_lair_lil_pond, minmay_holes, nicolae_lair_lakeside_cave
Lair:5:   hangedman_lair_in_review, layout_regular_city, wormcave,
          bobbens_dragon_lair_wall

Skill      XL: |  1  2  3  4  5  6  7  8  9 10 11 12 13 |
---------------+----------------------------------------+-----
Axes           | 4 5 6 7 9 10 11 12 14 16 18 | 18.0
Fighting       | 4 6 8 9 11 12 | 12.0
Armour         | 3 4 6 8 9 10 11 | 11.3
Shields        | 7 8 10 11 12 | 12.8
Throwing       | 4 5 6 |  6.2
Dodging        | 3 4 |  4.2

Action                   |  1- 3 |  4- 6 |  7- 9 | 10-12 | 13-15 || total
-------------------------+-------+-------+-------+-------+-------++-------
Melee: Hand axe          |    55 |   104 |       |       |       ||   159
       Headbutt          |     5 |    23 |    23 |   102 |    44 ||   197
       Broad axe         |       |    63 |   193 |   498 |   190 ||   944
       Punch             |       |       |     1 |       |       ||     1
Throw: Javelin           |       |       |       |    43 |     9 ||    52
Invok: Berserk           |     2 |     4 |    14 |    23 |     7 ||    50
       Brothers in Arms  |       |       |       |     2 |     4 ||     6
  Use: Scroll            |     3 |    10 |     6 |     9 |     1 ||    29
       Potion            |     1 |     4 |     2 |     1 |       ||     8
Armor: Animal skin       |     4 |       |       |       |       ||     4
       Chain mail        |     1 |    74 |    98 |       |       ||   173
       Plate armour      |       |       |    24 |   297 |   126 ||   447
Dodge: Dodged            |    28 |    55 |    59 |   112 |    27 ||   281
Block: Other             |       |     2 |    18 |       |       ||    20
       Kite shield       |       |       |    57 |   235 |    72 ||   364

Table legend:
 A = Non-vault XP
 B = Vault XP
 C = Vault XP percentage of total XP
 D = Non-vault monster count
 E = Vault monster count
 F = Vault count percentage of total count
                 A         B        C        D         E       F
            +---------+---------+-------+---------+---------+-------
      Total |   35288 |   19675 |  35.8 |     320 |     144 |  31.0
            +---------+---------+-------+---------+---------+-------
        D:1 |      57 |       0 |   0.0 |      31 |       0 |   0.0
        D:2 |     207 |      14 |   6.3 |      20 |       9 |  31.0
        D:3 |      49 |      22 |  31.0 |      15 |      11 |  42.3
        D:4 |     163 |     138 |  45.8 |      11 |      15 |  57.7
        D:5 |     763 |      34 |   4.3 |      21 |       3 |  12.5
        D:6 |     581 |     368 |  38.8 |      16 |       2 |  11.1
        D:7 |    1012 |     274 |  21.3 |      21 |       1 |   4.5
        D:8 |    1562 |    1121 |  41.8 |      26 |       4 |  13.3
        D:9 |    1963 |       0 |   0.0 |      25 |       0 |   0.0
       D:10 |    2634 |    2644 |  50.1 |      22 |      32 |  59.3
     Lair:1 |    6349 |    1131 |  15.1 |      26 |       4 |  13.3
     Lair:2 |    1989 |     439 |  18.1 |       8 |      18 |  69.2
     Lair:3 |    1819 |     884 |  32.7 |      10 |       2 |  16.7
     Lair:4 |   10915 |    6235 |  36.4 |      52 |      23 |  30.7
     Lair:5 |    5225 |    6371 |  54.9 |      16 |      20 |  55.6
            +---------+---------+-------+---------+---------+-------
